 Dungeon Crawl Stone Soup version 0.25-a0-734-g73332aeda9 (console) character file.

Game seed: 13933437161762361774, levelgen mode: deterministic

30 AlterAsc the Chiller (level 3, -3/24 HPs)
             Began as a Merfolk Ice Elementalist on Apr 9, 2020.
             Slain by an iguana (13 damage)
             ... on level 2 of the Dungeon on Apr 10, 2020.
             The game lasted 00:09:18 (1084 turns).

AlterAsc the Chiller (Merfolk Ice Elementalist)     Turns: 1084, Time: 00:09:19

Health: -3/24      AC:  2    Str:  8    XL:     3   Next: 18%
Magic:  3/6        EV: 13    Int: 15    God:
Gold:   90         SH:  0    Dex: 14    Spells: 2/6 levels left

rFire    . . .     SeeInvis .   g - +0 club
rCold    . . .     Gourm    .   (no shield)
rNeg     . . .     Faith    .   a - +0 robe
rPois    .         Spirit   .   (no helmet)
rElec    .         Reflect  .   (no cloak)
rCorr    .         Harm     .   (no gloves)
MR       .....                  (no boots)
Stlth    ++........             (no amulet)
HPRegen  0.08/turn              (no ring)
MPRegen  0.10/turn              (no ring)

@: no status effects
A: change form in water, swift swim, stealthy swim
a: no special abilities


You were on level 2 of the Dungeon.
You were not hungry.

You visited 1 branch of the dungeon, and saw 2 of its levels.

You collected 90 gold pieces.

Inventory:

Hand Weapons
 g - a +0 club (weapon)
Missiles
 i - 39 stones (quivered)
Armour
 a - a +0 robe (worn)
Scrolls
 b - a scroll of amnesia {unknown}
 e - 2 scrolls of teleportation {unknown}
 f - a scroll of fear {unknown}
 j - 2 scrolls of fog {unknown}
 n - 2 scrolls of identify {unknown}
Potions
 d - a potion of degeneration {unknown}
 h - a potion of haste {unknown}
 k - 4 potions of curing {unknown}
 l - a potion of berserk rage {unknown}
Comestibles
 c - 3 rations
 m - 2 chunks of flesh


   Skills:
 + Level 2.9 Dodging
 - Level 2.2 Stealth
 * Level 2.3 Spellcasting
 * Level 5.2 Ice Magic


You had 2 spell levels left.
You knew the following spells:

 Your Spells              Type           Power        Failure   Level  Hunger
a - Freeze                Ice            ###.         2%          1    #......
b - Frozen Ramparts       Ice            ###...       8%          3    ###....

Your spell library contained the following spells:

 Spells                   Type           Power        Failure   Level  Hunger
 Ozocubu's Armour         Chrm/Ice       #.......     22%         3    ###....
 Hailstorm                Conj/Ice       #.......     58%         4    #####..
 Summon Ice Beast         Ice/Summ       #.......     58%         4    #####..


Dungeon Overview and Level Annotations

Branches:
Dungeon (2/15)

Altars:
Wu Jian


Message History

The iguana seems to slow down.
Casting: Freeze (safe; 2% risk of failure)
Confirm with . or Enter, or press ? or * to list all spells.
Aiming: Freeze (safe; 2% risk of failure)
Press: ? - help, Shift-Dir - straight line, f/p - iguana
Aim: an iguana (lightly wounded, slow)
You freeze the iguana!
The iguana is heavily wounded.
The iguana bites you!
Ouch! That really hurt!
Casting: Freeze (safe; 2% risk of failure)
Confirm with . or Enter, or press ? or * to list all spells.
Aiming: Freeze (safe; 2% risk of failure)
Press: ? - help, Shift-Dir - straight line, f/p - iguana
Aim: an iguana (heavily wounded, slow)
You freeze the iguana.
The iguana is almost dead.
The iguana seems to slow down.
The iguana bites you!
Ouch! That really hurt!
You die...

####################
#....$_....#.......#
#.####.......#####.#
#.####.###.#.# #.#
#.#..........# #..
#...#.#.###..# #.#
#.#..###.....#####.#
#..@#.#.###........#
#..l##.#.........#.#
...#.#.
......###..#.# ###
>. #........##..#.#
##. ..............)
#. .......##....# #.
#.....# #..### ^.
.#...# #..### #...#
....#..


You could see an iguana.

Vanquished Creatures
  A worm (D:2)
  A giant cockroach (D:1)
  4 goblins
  8 hobgoblins (D:1)
  2 kobolds (D:1)
  2 frilled lizards (D:1)
  6 rats
24 creatures vanquished.

Notes
Turn   | Place    | Note
-------+----------+-------------------------------------------
     0 | D:1      | AlterAsc the Merfolk Ice Elementalist began the quest for
                  | the Orb.
     0 | D:1      | Reached XP level 1. HP: 13/13 MP: 3/3
     9 | D:1      | Upgraded the game from 0.25-a0-731-g0472a16d6a to
                  | 0.25-a0-734-g73332aeda9
    90 | D:1      | Reached XP level 2. HP: 18/19 MP: 0/5
   178 | D:1      | Reached skill level 5 in Ice Magic
   610 | D:1      | Reached XP level 3. HP: 22/24 MP: 4/6
   625 | D:1      | Learned a level 3 spell: Frozen Ramparts
  1071 | D:2      | Found an ornate altar of the Wu Jian Council.
  1084 | D:2      | Slain by an iguana

Levels and vault maps discovered:
D:1:      dpeg_arrival_round_b, layout_loops_ring, minmay_indecisive_spiral
D:2:      layout_loops_ring, nicolae_gozag_seed_capital,
          nicolae_overflow_crystal_walls, overflow_temple_1_default,
          first_ration, chequers_mini_garden

Skill      XL: |  1  2 |
---------------+-------+-----
Ice Magic      | 5 |  5.2
Dodging        | |  2.9
Stealth        | |  2.2
Spellcasting   | |  2.3

Action                   || total
-------------------------++-------
Melee: Club              ||    22
       Unarmed           ||     2
 Cast: Freeze            ||    30
       Frozen Ramparts   ||     1
  Eat: Chunk             ||     1
Armor: Robe              ||     3
Dodge: Dodged            ||    35

Table legend:
 A = Non-vault XP
 B = Vault XP
 C = Vault XP percentage of total XP
 D = Non-vault monster count
 E = Vault monster count
 F = Vault count percentage of total count
                 A         B        C        D         E       F
            +---------+---------+-------+---------+---------+-------
      Total |      36 |       7 |  16.3 |      20 |       4 |  16.7
            +---------+---------+-------+---------+---------+-------
        D:1 |      28 |       7 |  20.0 |      17 |       4 |  19.0
        D:2 |       8 |       0 |   0.0 |       3 |       0 |   0.0
            +---------+---------+-------+---------+---------+-------
